 Dungeon Crawl Stone Soup version 0.30-a0-358-g0d69a1922f (webtiles) character file.

Game seed: 1659864446352993897

933 hikkokomori the Destroyer (level 8, -6/41 HPs)
             Began as a Tengu Conjurer on Nov 11, 2022.
             Was an Initiate of Vehumet.
             Mangled by Grinder (10 damage)
             ... on level 5 of the Dungeon.
             The game lasted 00:06:50 (5191 turns).

hikkokomori the Destroyer (Tengu Conjurer)          Turns: 5191, Time: 00:06:50

Health: -6/41      AC: -4    Str:  8    XL:     8   Next: 11%
Magic:  3/14       EV: 14    Int: 20    God:    Vehumet [......]
Gold:   210        SH:  0    Dex: 13    Spells: 6/13 levels left

rFire   . . .      SeeInvis .    e - +0 dagger
rCold   . . .      Faith    .    (no shield)
rNeg    . . .      Spirit   .    a - +0 robe
rPois   .          Reflect  .    (helmet restricted)
rElec   .          Harm     .    (no cloak)
rCorr   .          Rampage  .    f - +1 pair of gloves
Will    .....                    (boots unavailable)
Stlth   ++........               m - amulet of regeneration
HPRegen 1.06/turn                (no ring)
MPRegen 0.14/turn                (no ring)

@: corroded, flying quickly and evasively, quick
A: beak, talons 3, nimble flight
a: Renounce Religion


You were on level 5 of the Dungeon.
You worshipped Vehumet.
Vehumet was noncommittal.
You visited 2 branches of the dungeon, and saw 6 of its levels.

You collected 210 gold pieces.

Inventory:

Hand Weapons
 e - a +0 dagger (weapon)
Missiles
 w - a throwing net
Armour
 a - a +0 robe (worn)
 f - a +1 pair of gloves (worn)
Jewellery
 g - an amulet of faith
 m - an amulet of regeneration (around neck)
 t - a +6 ring of strength
Wands
 o - a wand of acid (5)
 r - a wand of iceblast (8)
Scrolls
 c - 2 scrolls of immolation
 d - a scroll of acquirement {unknown}
 h - a scroll of enchant weapon {unknown}
 k - a scroll of silence {unknown}
 p - a scroll of brand weapon {unknown}
 s - a scroll of enchant armour
 u - a scroll of amnesia {unknown}
 x - a scroll of torment {unknown}
 y - a scroll of magic mapping {unknown}
Potions
 b - 2 potions of magic
 j - a potion of heal wounds
 l - a potion of brilliance {unknown}
 n - a potion of ambrosia {unknown}
 q - a potion of flight {unknown}
 v - a potion of attraction {unknown}


   Skills:
 - Level 2.1 Dodging
 - Level 2.0 Stealth
 - Level 3.4 Spellcasting
 * Level 10.3 Conjurations
 * Level 3.5 Hexes


You had 6 spell levels left.
You knew the following spells:

 Your Spells              Type           Power      Damage    Failure   Level
a - Magic Dart            Conj           100%       1d8       1%          1
b - Searing Ray           Conj           90%        2d7       1%          2
c - Fulminant Prism       Conj/Hex       15%        3d10      8%          4

Your spell library contained the following spells:

 Spells                   Type           Power      Damage    Failure   Level
 Dazzling Flash           Conj/Hex       62%        N/A       2%          3
 Mephitic Cloud           Conj/Pois/Air  17%        N/A       10%         3
 Iskenderun's Mystic Bla  Conj/Tloc      24%        2d7       16%         4
 Call Imp                 Summ           3%         N/A       21%         2
 Conjure Ball Lightning   Conj/Air       12%        3x3d7     94%         6
 Discord                  Hex            8%         N/A       100%        8
 Disjunction              Tloc           1%         N/A       100%        8


Dungeon Overview and Level Annotations

Branches:
Dungeon (5/15)             Temple (1/1) D:4

Altars:
Cheibriados
Kikubaaqudgha
Nemelex Xobeh
Vehumet
Wu Jian
Yredelemnul
Zin

Shops:
D:3 :

Annotations:
D:2 1 runed translucent door, Crazy Yiuf
D:5 Grinder


Innate Abilities, Weirdness & Mutations

You have a beak for a mouth.
You have claws for feet.
Your magical nature lets you fly swiftly and evasively.


Message History

You hear a loud crackle.
The jelly hits you. The acid corrodes you!
You are splashed with acid!
Unknown command.
Unknown command.
Casting: Fulminant Prism (quite dangerous; 8% risk of failure)
Confirm with . or Enter, or press ? or * to list all spells.
Okay, then.
As you read the scroll labelled SIAGAU IDWOA, it crumbles to dust.
It is a scroll of enchant armour.
Your +0 pair of gloves glows green for a moment.
You hear an explosion!
The jelly barely misses you.
You hear a shout!
As you read the scroll labelled CEYMNUNUOT, it crumbles to dust.
The creatures around you are filled with an inner flame!
It was a scroll of immolation.
The jelly hits you. The acid corrodes you!
You are splashed with acid!
Unknown command.
Okay, then.
It was a potion of heal wounds.
You feel much better. The jelly hits you.
You are splashed with acid.
Something hits you!
You writhe in agony.
You closely miss something. Your kick misses something.
The jelly barely misses you. Something hits you! The jelly barely misses you.
You hit something but do no damage. You claw something.
The jelly barely misses you. Something hits you.
* * * LOW HITPOINT WARNING * * *
You writhe in agony.
* * * LOW HITPOINT WARNING * * *
Unknown command.
Unknown command.
Unknown command.
As you read the scroll labelled UPESMUF YNWECUMP, it crumbles to dust.
You hear the tinkle of a tiny bell.
It was a scroll of butterflies.
The jelly barely misses you. Pain shoots through your body!
* * * LOW HITPOINT WARNING * * *
Unknown command.
You closely miss something. Something hits you!
You die...

.....#.# #.## ##.# ...
.....###..# #..# ....
########.#..##.^###(.# .....
.............##.b#..##......
...#####.#.#.†.)..)..))).)..
#.......#.#.#.#.####..5....
#.........#.#.#b# .....##
#.........#.#.#.# #+####
###..........#.#@#####
.....)....<..#.#bJo.b#
.........###.#.#####.#
.........# #.#.# ....
###'#..#.# # .......
#.#..#.# ........# #.#.<#..
#..o...### #.#.####.
#J.....# #.#.. .. .......#


You could see a jelly (inner flame, ally target) and an orc (ally target).

Vanquished Creatures
  A black bear (D:4)
  2 ogres
  Blork the orc (D:4)
  A scorpion (D:4)
  A hound (D:5)
  2 orc priests (D:4)
  A gnoll bouda (D:4)
  An iguana (D:5)
  Natasha (thrice) (D:2)
  4 orc wizards (D:4)
  8 gnolls
  3 adders
  3 worms (D:2)
  2 dart slugs
  8 orcs
  5 ball pythons
  9 endoplasms
  8 giant cockroaches
  5 goblins
  7 hobgoblins
  4 jackals (D:1)
  4 kobolds
  8 quokkas
  5 bats
  6 frilled lizards
  9 rats
111 creatures vanquished.

Vanquished Creatures (others)
  5 fulminant prisms
5 creatures vanquished.

Grand Total: 116 creatures vanquished

Notes
Turn   | Place    | Note
-------+----------+-------------------------------------------
     0 | D:1      | hikkokomori the Tengu Conjurer began the quest for the Orb.
     0 | D:1      | Reached XP level 1. HP: 10/10 MP: 4/4
   290 | D:1      | Reached XP level 2. HP: 15/15 MP: 0/6
   738 | D:1      | Reached skill level 6 in Conjurations
   838 | D:1      | Reached XP level 3. HP: 19/19 MP: 3/7
   841 | D:1      | Learned a level 2 spell: Searing Ray
  1461 | D:2      | Reached XP level 4. HP: 24/24 MP: 5/9
  1778 | D:2      | Reached skill level 7 in Conjurations
  2196 | D:2      | Noticed Natasha
  2206 | D:2      | Killed Natasha
  2207 | D:2      | Gained mutation: Your magical nature lets you fly swiftly
                  | and evasively. [Tengu growth]
  2207 | D:2      | Reached XP level 5. HP: 19/28 MP: 0/10
  2355 | D:2      | Noticed Natasha
  2360 | D:2      | Killed Natasha
  2420 | D:2      | Found a runed translucent door.
  2421 | D:2      | Noticed Crazy Yiuf
  2532 | D:2      | Noticed Natasha
  2537 | D:2      | Killed Natasha
  2915 | D:3      | Found Esuplul's Book Boutique.
  3454 | D:3      | Reached skill level 8 in Conjurations
  3626 | D:4      | Learned a level 4 spell: Fulminant Prism
  3827 | D:4      | Reached XP level 6. HP: 25/32 MP: 6/12
  3841 | D:4      | Reached skill level 1 in Hexes
  3953 | D:4      | Noticed a black bear
  3968 | D:4      | Killed a black bear
  3971 | D:4      | Reached skill level 9 in Conjurations
  3971 | D:4      | Reached XP level 7. HP: 35/36 MP: 1/13
  4204 | D:4      | Found a staircase to the Ecumenical Temple.
  4221 | D:4      | Identified the +1 robe of Etiniemm {*Slow rElec rN+ Str+3}
  4250 | Temple   | Entered the Ecumenical Temple
  4264 | Temple   | Became a worshipper of Vehumet
  4401 | D:4      | Noticed Blork the orc
  4405 | D:4      | Killed Blork the orc
  4919 | D:5      | Entered Level 5 of the Dungeon
  4923 | D:5      | Reached skill level 10 in Conjurations
  4997 | D:5      | Reached XP level 8. HP: 41/41 MP: 7/14
  5164 | D:5      | Noticed Grinder
  5191 | D:5      | Mangled by Grinder

Illustrated notes

Levels and vault maps discovered:
D:1:      erik_arrival_orb_chamber, layout_basic
D:2:      layout_rooms, uniq_crazy_yiuf_cottage, uniq_natasha
D:3:      layout_basic, serial_shops, shop, serial_bayou_pond_a,
          roderic_serpentine_path, kennysheep_generic_room_9
D:4:      layout_loops_ring, minmay_temple_entry_wispy, uniq_blork_the_orc
D:5:      layout_basic, general_overflow_altar, gammafunk_temple_overflow_claw,
          okawaru_ov_weapons_minmay, uniq_grinder
Temple:   nicolae_temple_bog_church

Skill      XL: |  1  2  3  4  5  6  7 |
---------------+----------------------+-----
Conjurations   | 6 7 8 9 10 | 10.3
Spellcasting   | 3 |  3.4
Hexes          | 2 3 |  3.5
Dodging        | |  2.1
Stealth        | |  2.0

Action                   |  1- 3 |  4- 6 |  7- 9 || total
-------------------------+-------+-------+-------++-------
Melee: Unarmed           |     9 |       |       ||     9
       Kick              |     3 |     2 |     1 ||     6
       Peck              |     1 |     1 |       ||     2
       Punch             |     1 |       |       ||     1
       Dagger            |       |     7 |     3 ||    10
 Cast: Magic Dart        |    68 |   129 |    41 ||   238
       Searing Ray       |       |     2 |     9 ||    11
       Fulminant Prism   |       |     1 |     4 ||     5
Evoke: Wand              |       |     1 |       ||     1
  Use: Scroll            |       |       |     3 ||     3
       Potion            |       |       |     1 ||     1
Armor: Robe              |     4 |     4 |     1 ||     9
Dodge: Dodged            |     9 |     7 |     9 ||    25

Table legend: (Time is in decaauts)
 A = Elapsed time spent in this place.
 B = Non-inter-level travel time spent in this place.
 C = Inter-level travel time spent in this place.
 D = Time resting spent in this place.
 E = Time spent auto-exploring this place.
 F = Levels seen in this place.
 G = Mean time per level.
                   A        B        C        D        E       F      G
               +--------+--------+--------+--------+--------+-----+--------+
         Total |   5032 |   4895 |    137 |    136 |   4176 |   6 |  838.7 |
       Dungeon |   5010 |   4881 |    129 |    136 |   4170 |   5 | 1002.0 |
        Temple |     21 |     13 |      8 |      0 |      5 |   1 |   21.0 |
               +--------+--------+--------+--------+--------+-----+--------+

Top non-repeatable levels by time:
     D:1: 1464 daAuts
     D:4: 1209 daAuts
     D:2: 1071 daAuts
     D:3: 999 daAuts
     D:5: 266 daAuts
  Temple: 21 daAuts
